 Dungeon Crawl Stone Soup version 0.19-a0-1457-g32fba05 (webtiles) character file.

6046 Amnesiac the Carver (level 11, -1/75 HPs)
             Began as a Human Fighter on Sept 6, 2016.
             Was a High Priest of Cheibriados.
             Slain by a yak (9 damage)
             ... on level 1 of the Lair of Beasts.
             The game lasted 00:15:59 (8539 turns).

Amnesiac the Carver (Human Fighter)                 Turns: 8539, Time: 00:16:00

Health: -1/75      AC: 13    Str: 34    XL:     11   Next: 11%
Magic:  20/20      EV:  8    Int: 24    God:    Cheibriados [*****.]
Gold:   289        SH:  0    Dex: 28    Spells: 1 memorised, 8 levels left

rFire  . . .     SeeInvis +     T - +1 falchion (freeze)
rCold  . . .     Gourm    .     N - +0 ring mail {rN+}
rNeg   + + +     Faith    .     c - +0 shield
rPois  +         Spirit   .     I - +1 helmet {Int+3}
rElec  .         Dismiss  .     i - +2 cloak {MR+}
rCorr  .         Reflect  .     G - +0 pair of gloves of Modesty {rPois rF- rN++ Str+2}
MR     +....     Harm     .     q - +0 pair of boots
Stlth  +.........               (no amulet)
                                y - ring of see invisible
                                u - ring of magical power

@: confused, very slow
A: dopey 1, fire resistance 1, frail 1
a: Bend Time, Temporal Distortion, Slouch, Step From Time, Renounce Religion


You were on level 1 of the Lair of Beasts.
You worshipped Cheibriados.
Cheibriados was extremely pleased with you.
You were not hungry.

You visited 2 branches of the dungeon, and saw 10 of its levels.

You collected 498 gold pieces.
You spent 209 gold pieces at shops.

Inventory:

Hand Weapons
 z - a +0 blowgun
 T - a +1 falchion of freezing (weapon)
Missiles
 A - 32 poisoned needles
Armour
 c - a +0 shield (worn)
 i - a +2 cloak of magic resistance (worn)
 q - a +0 pair of boots (worn)
 D - a +0 large shield
 G - the +0 pair of gloves of Modesty (worn) {rPois rF- rN++ Str+2}
   (You bought it in a shop on level 5 of the Dungeon)

   It affects your strength (+2).
   It makes you vulnerable to fire.
   It protects you from poison.
   It greatly protects you from negative energy.
 I - a +1 helmet of intelligence (worn)
 N - a +0 ring mail of positive energy (worn)
Jewellery
 u - a ring of magical power (left hand)
 y - a ring of see invisible (right hand)
Wands
 n - a wand of flame (36/48)
 J - a wand of acid (7/15)
 R - a wand of acid (7/15)
 S - a wand of lightning (10/15)
Scrolls
 a - a scroll of enchant weapon {unknown}
 e - 3 scrolls of identify
 g - 4 scrolls of amnesia
 h - a scroll of immolation {unknown}
 o - a scroll of noise {unknown}
 s - 2 scrolls of teleportation
 t - 2 scrolls of remove curse
 B - 3 scrolls of recharging
 F - 2 scrolls of fear {unknown}
 K - a scroll of enchant armour {unknown}
 M - 2 scrolls of fog {unknown}
 O - a scroll of brand weapon {unknown}
 P - a scroll of blinking {unknown}
 V - a scroll of summoning {unknown}
Potions
 b - a potion of brilliance
 d - 4 potions of might
 j - 2 potions of mutation
 l - a potion of agility
 m - 2 potions of curing
 p - 2 potions of degeneration
 r - 2 potions of cancellation
 v - 3 potions of cure mutation
 H - 4 potions of haste
Books
 E - a book of Death

   Spells                             Type                      Level
   a - Corpse Rot                     Necromancy                   2
   b - Sublimation of Blood           Necromancy                   2
   c - Agony                          Necromancy                   5
   d - Dispel Undead                  Necromancy                   5
   e - Excruciating Wounds            Charms/Necromancy            5
   f - Bolt of Draining               Conjuration/Necromancy       5
 Q - a book of Frost

   Spells                             Type                      Level
   a - Freeze                         Ice                          1
   b - Throw Frost                    Conjuration/Ice              2
   c - Ozocubu's Armour               Charms/Ice                   3
   d - Throw Icicle                   Conjuration/Ice              4
   e - Summon Ice Beast               Ice/Summoning                4
 U - a book of Necromancy

   Spells                             Type                      Level
   a - Pain                           Necromancy                   1
   b - Animate Skeleton               Necromancy                   1
   c - Vampiric Draining              Necromancy                   3
   d - Regeneration                   Charms/Necromancy            3
   e - Animate Dead                   Necromancy                   4
   f - Control Undead                 Necromancy                   4
Comestibles
 f - 3 bread rations
 k - 2 meat rations
 w - 2 beef jerkies
 x - 8 fruits
 C - 4 chunks of flesh


   Skills:
 - Level 7.0 Fighting
 - Level 14.0 Long Blades
 - Level 3.0 Armour
 + Level 4.1 Shields


You had 8 spell levels left.
You knew the following spells:

 Your Spells              Type           Power        Failure   Level  Hunger
a - Corpse Rot            Necr           N/A          94%         2    ###....


Dungeon Overview and Level Annotations

Branches:
Dungeon (9/15)             Temple (0/1) D:7            Lair (1/6) D:9
    Orc: D:9-12

Altars:
Cheibriados
Dithmenos
Hepliaklqana
Kikubaaqudgha
Makhleb
Okawaru
Ru
Sif Muna
Trog
Vehumet
Xom
Yredelemnul

Shops:
D:5 [   D:7 (


Innate Abilities, Weirdness & Mutations

You are dopey. (Int -2)
Your flesh is heat resistant. (rF+)
You are frail. (-10% HP)


Message History

Cheibriados appreciates the change of pace.
Your Shields skill increases to level 4!
The yak closely misses you.
You slash the yak! You freeze the yak.
The yak is moderately wounded.
The yak gores you!
* * * LOW HITPOINT WARNING * * *
You hit the yak. You freeze the yak.
The yak is moderately wounded.
Unknown command.
You barely miss the yak.
The yak is moderately wounded.
You block the yak's attack. The yak gores you!
* * * LOW HITPOINT WARNING * * *
Unknown command.
You are confused.
You feel invigorated. The yak gores you.
* * * LOW HITPOINT WARNING * * *
The yak gores you!
You die...

........####
.........#.##
..........#.#
...........###
..#..........#
..###........###
. ##........P#
#.........###
##.........@#
##.......YY##
##.........##
#.#.........##
####........†###
##..........##
##.........P#
##.........##
##.........#


You could see 2 yaks.

Vanquished Creatures
  Pikel (D:7)
  An elephant (D:9)
  Prince Ribbit (D:6)
  A two-headed ogre (D:8)
  Grinder (D:4)
  5 yaks
  A wraith (D:7)
  A hungry ghost (D:7)
  A hippogriff (D:8)
  3 sky beasts
  A necrophage (D:7)
  A slave (D:6)
  An eye of draining (D:9)
  A phantom (D:5)
  2 orc warriors (D:9)
  2 ogres
  2 centaurs
  A crocodile (D:9)
  An elf zombie (D:7)
  Blork the orc (D:4)
  6 giant frogs
  A gnoll sergeant (D:8)
  6 wights (D:7)
  2 vampire bats (D:4)
  3 crimson imps
  A centaur zombie (D:6)
  Crazy Yiuf (D:5)
  5 hounds
  2 human zombies (D:7)
  3 giant frog skeletons
  A jelly (D:9)
  A gnoll shaman (D:4)
  4 orc priests
  6 orc wizards
  A centaur skeleton (D:9)
  2 human skeletons (D:7)
  5 iguanas
  6 worker ants
  2 worker ant zombies
  11 gnolls
  A howler monkey skeleton (D:9)
  14 adders
  2 shadow imps
  2 oozes
  An adder zombie (D:7)
  2 adder skeletons (D:4)
  2 worms
  3 dart slugs
  2 giant geckos
  27 orcs
  A ball python (D:1)
  5 bats
  3 bat skeletons (D:4)
  3 bat zombies (D:4)
  3 giant cockroaches
  6 goblins
  3 hobgoblins
  10 jackals
  2 quokkas
  4 giant newts
  5 kobolds
  An orc zombie (D:7)
  8 rats
208 creatures vanquished.

Vanquished Creatures (others)
  A slave (D:7)
  An orc wizard (D:4)
  An adder (D:7)
  2 orcs (D:7)
  A giant newt (D:7)
  4 toadstools (D:1)
10 creatures vanquished.

Grand Total: 218 creatures vanquished

Notes
Turn   | Place    | Note
-------+----------+-------------------------------------------
     0 | D:1      | Amnesiac the Human Fighter began the quest for the Orb.
     0 | D:1      | Reached XP level 1. HP: 18/18 MP: 1/1
    56 | D:2      | Reached XP level 2. HP: 16/24 MP: 2/2
   153 | D:2      | Reached skill level 3 in Long Blades
   153 | D:2      | Reached XP level 3. HP: 19/29 MP: 3/3
   500 | D:2      | Reached skill level 4 in Long Blades
   500 | D:2      | Reached XP level 4. HP: 29/35 MP: 4/4
   614 | D:4      | Reached XP level 5. HP: 29/41 MP: 5/5
   744 | D:4      | Reached skill level 5 in Long Blades
   747 | D:4      | Noticed Blork the orc
   838 | D:4      | Killed Blork the orc
   838 | D:4      | Reached XP level 6. HP: 31/47 MP: 6/6
   990 | D:4      | Reached skill level 6 in Long Blades
  1238 | D:4      | Found a snail-covered altar of Cheibriados.
  1267 | D:4      | Became a worshipper of Cheibriados the Contemplative
  2043 | D:2      | Found a shadowy altar of Dithmenos.
  2470 | D:3      | Reached * piety under Cheibriados
  2484 | D:3      | Found a hazy altar of Hepliaklqana.
  2493 | D:3      | Found an iron altar of Okawaru.
  2550 | D:3      | Found a deep blue altar of Sif Muna.
  3193 | D:4      | Reached XP level 7. HP: 29/52 MP: 7/7
  3212 | D:4      | Found a radiant altar of Vehumet.
  3222 | D:4      | Reached skill level 7 in Long Blades
  3574 | D:4      | Noticed Grinder
  3626 | D:4      | Killed Grinder
  3626 | D:4      | Reached skill level 8 in Long Blades
  3768 | D:4      | Reached ** piety under Cheibriados
  3770 | D:4      | Found an ancient bone altar of Kikubaaqudgha.
  4024 | D:4      | Reached XP level 8. HP: 54/58 MP: 8/8
  4099 | D:5      | Entered Level 5 of the Dungeon
  4230 | D:5      | Found Fimeutuwn's Antique Armour Shoppe.
  4290 | D:5      | Bought a pair of twisted gloves for 209 gold pieces
  4295 | D:5      | Identified the +0 pair of gloves of Modesty {rPois rF- rN++ Str+2} (You bought it in a shop on level 5 of the Dungeon)
  4343 | D:5      | Found a sacrificial altar of Ru.
  4394 | D:5      | Reached skill level 9 in Long Blades
  4503 | D:5      | Found a bloodstained altar of Trog.
  4656 | D:5      | Reached *** piety under Cheibriados
  4703 | D:5      | Reached skill level 10 in Long Blades
  4792 | D:5      | Found a runed door.
  4992 | D:5      | Noticed Crazy Yiuf
  5003 | D:5      | Killed Crazy Yiuf
  5080 | D:6      | Noticed Prince Ribbit
  5117 | D:6      | Reached XP level 9. HP: 50/66 MP: 9/9
  5141 | D:6      | Killed Prince Ribbit
  5141 | D:6      | Reached skill level 5 in Fighting
  5156 | D:6      | Gained mutation: You are frail. (-10% HP) [mutagenic meat]
  5259 | D:6      | Found a shimmering altar of Xom.
  5612 | D:7      | Found a burning altar of Makhleb.
  5623 | D:7      | Noticed Pikel
  5655 | D:7      | Found a staircase to the Ecumenical Temple.
  5655 | D:7      | Found Kuiny's Weapon Emporium.
  5665 | D:7      | Reached **** piety under Cheibriados
  5796 | D:7      | Killed Pikel
  5796 | D:7      | Reached skill level 11 in Long Blades
  5857 | D:7      | Reached XP level 10. HP: 71/71 MP: 10/10
  6086 | D:7      | Gained mutation: Your flesh is heat resistant. (rF+) [mutagenic meat]
  6089 | D:7      | Gained mutation: You are dopey. (Int -2) [mutagenic meat]
  6266 | D:7      | Reached skill level 12 in Long Blades
  6431 | D:7      | Found a basalt altar of Yredelemnul.
  6442 | D:7      | Reached ***** piety under Cheibriados
  6522 | D:8      | Learned a level 2 spell: Corpse Rot
  7116 | D:8      | Reached skill level 13 in Long Blades
  7699 | D:9      | Found a staircase to the Lair.
  7699 | D:9      | Noticed an elephant
  7717 | D:9      | Killed an elephant
  8144 | D:9      | Reached XP level 11. HP: 57/75 MP: 11/11
  8293 | D:9      | Reached skill level 14 in Long Blades
  8459 | Lair:1   | Entered Level 1 of the Lair of Beasts
  8539 | Lair:1   | Slain by a yak

Vault maps used:
D:1:      ldierk_water_garden
D:2:      grunt_dithmenos_smoke_and_mirrors, first_bread,
          minmay_misc_feat_rugged
D:3:      led_sif_book, amethyst_overflow_temple_binary, minmay_misc_feat_alley,
          lemuel_flame_loot_1
D:4:      kennysheep_vampire_church, kennysheep_slug_shrine, kennysheep_mini,
          uniq_blork_the_orc, uniq_grinder
D:5:      old_standard_altar, lemuel_round_altar, serial_shops, shop,
          uniq_crazy_yiuf_cottage
D:6:      xom_butterflies, uniq_prince_ribbit1
D:7:      lemuel_mausoleum_altar_yredelemnul, lemuel_crystal_altar,
          serial_shops, nicolae_shop_window_shopping, corexii_leaking_fountain,
          grunt_decor_one_mirror, uniq_pikel
D:8:      minmay_cornered_nines
D:9:      david_lair_generic
Lair:1:   special_room

Skill      XL: |  1  2  3  4  5  6  7  8  9 10 11 |
---------------+----------------------------------+-----
Long Blades    | 3 4 5 6 8 10 11 13 14 | 14.0
Fighting       | 4 7 |  7.0
Shields        | 4 |  4.1
Armour         | |  3.0

Action                   |  1- 3 |  4- 6 |  7- 9 | 10-12 || total
-------------------------+-------+-------+-------+-------++-------
Melee: Long sword        |    55 |   260 |   556 |    84 ||   955
       Falchion          |       |       |       |   327 ||   327
Evoke: Wand              |       |       |       |     5 ||     5
  Use: Scroll            |     1 |     4 |       |     9 ||    14
       Potion            |       |       |     4 |     2 ||     6
  Eat: Chunk             |       |     8 |     6 |     9 ||    23
       Fruit             |       |       |       |     1 ||     1
Armor: Scale mail        |    10 |       |       |       ||    10
       Chain mail        |    19 |   135 |    64 |       ||   218
       Skin              |       |       |     4 |    40 ||    44
       Plate armour      |       |       |   242 |   116 ||   358
       Ring mail         |       |       |       |    14 ||    14
Dodge: Dodged            |    10 |    34 |    86 |    47 ||   177
Block: Shield            |    25 |   117 |   328 |   190 ||   660
